AoeStats
← engincetin585858

Arabia

509060635Analyzed
1v1 RM · 7d ago on Sep 25, 2026· 39m 23s· 2 players
Game mode
Random Map
Map size
Tiny (2 player)
Population
200
Speed
Normal
Resources
Standard
Victory
Conquest
Starting age
Dark Age
Ending age
Imperial Age
RankedLock teamsTeams togetherTeam positionsShared explorationLock speedFull tech treeHidden civsTurbo modeCheats
Victory
Defeat
🇹🇷 Magyars · Türkiye
1554
+14
🇷🇴 Burgundians · Romania
1505
-14
Teodor
5:02 Double-Bit Axe
5:46 Loom
8:52 Wheelbarrow
10:58 Feudal Age
12:13 Bow Saw
16:18 Horse Collar
16:56 Scale Mail Armor
18:27 Forging
19:57 Arson
23:13 Castle Age
22:05 Gold Mining
22:26 Scale Barding Armor
23:24 Heavy Plow
23:17 Cavalier
24:21 Husbandry
26:55 Chain Barding Armor
28:55 Fletching
30:18 Gold Shaft Mining
33:41 Devotion
36:04 Hand Cart
36:49 Fervor
38:23 Light Cavalry
engincetin585858
7:03 Loom
9:21 Feudal Age
9:58 Double-Bit Axe
20:22 Castle Age
18:26 Gold Mining
18:25 Horse Collar
19:03 Fletching
21:04 Bodkin Arrow
22:00 Bloodlines
22:43 Husbandry
22:46 Padded Archer Armor
23:23 Bow Saw
26:38 Leather Archer Armor
27:02 Wheelbarrow
29:04 Ballistics
29:04 Town Watch
29:33 Thumb Ring
33:44 Stone Mining
36:28 Imperial Age
34:46 Scale Mail Armor
36:23 Gold Shaft Mining
35:31 Pikeman
36:26 Heavy Plow
39:00 Chemistry
38:25 Bracer
Connection lost

Rejoining the realm…

Still unreachable

The connection could not be restored.

Session expired

The server has moved on; the page needs a fresh start.